 Dungeon Crawl Stone Soup version 0.31-a0-1388-g4b2ba238e7 (webtiles) character file.

Game seed: 5799323866733146987

52081 croobank the Covert (level 13, -13/107 HPs)
             Began as a Demigod Fire Elementalist on Dec 24, 2023.
             Killed from afar by an acid dragon (shapeshifter) (24 damage)
             ... with a splash of acid
             ... on level 13 of the Dungeon.
             The game lasted 01:13:56 (33536 turns).

croobank the Covert (Demigod Fire Elementalist)    Turns: 33536, Time: 01:13:57

Health: -13/107    AC: 16    Str:  9    XL:     13   Next: 92%
Magic:  9/29       EV: 19    Int: 37    God:
Gold:   837        SH:  0    Dex: 16    Spells: 13/27 levels left

rFire   + . .        f - staff of fire
rCold   . . .        (no shield)
rNeg    . . .        M - +4 ring mail "Kiutted" {Int+4}
rPois   +            E - +1 hat
rElec   .            g - +0 cloak
rCorr   .            (no gloves)
SInv    .            h - +2 pair of boots
Will    ++...        P - amulet of reflection
Stlth   +            b - +5 ring of evasion
HPRegen 0.37/turn    B - ring "Cyirot" {rPois Will+ Dex+2}
MPRegen 0.21/turn

%: reflection
@: confused, ambrosia-drunk, very slightly contaminated, studying Long Blades
A: high MP 1, forlorn, divine attributes
a: no special abilities


You were on level 13 of the Dungeon.
You visited 2 branches of the dungeon, and saw 18 of its levels.

You collected 1072 gold pieces.
You spent 235 gold pieces at shops.

Inventory:

Hand Weapons
 a - a +5 dagger of speed
 O - a +1 antimagic spear
 S - a +3 scimitar of flaming
 W - a +3 trident of draining
 Y - a +5 short sword
Missiles
 j - 18 poisoned darts (quivered)
Armour
 g - a +0 cloak (worn)
 h - a +2 pair of boots (worn)
 u - the +2 leather armour "Qidgh" {SInv}
   (You found it on level 11 of the Dungeon)

   SInv:      It lets you see invisible.
 y - a +0 buckler
 E - a +1 hat (worn)
 J - a +2 robe of positive energy
 M - the +4 ring mail "Kiutted" (worn) {Int+4}
   (You found it on level 8 of the Dungeon)

   Int+4:     It affects your intelligence (+4).
Magical Staves
 f - a staff of fire (weapon)
 l - a staff of cold
Jewellery
 b - a +5 ring of evasion (left hand)
 i - a ring of protection from cold
 q - a ring of protection from cold
 r - a ring of wizardry
 s - a ring of protection from cold
 w - a ring of flight
 B - the ring "Cyirot" (right hand) {rPois Will+ Dex+2}
   (You found it on level 4 of the Dungeon)

   [ring of poison resistance]

   Dex+2:     It affects your dexterity (+2).
   rPois:     It protects you from poison Will+: It increases your willpower.
 P - an amulet of reflection (around neck)
 R - a ring of resist corrosion
 U - a +6 ring of strength
Wands
 C - a wand of mindburst (5)
 F - a wand of digging (8)
 I - a wand of flame (73)
 Q - a wand of polymorph (23)
 T - a wand of charming (14)
Scrolls
 n - 4 scrolls of silence
 z - 4 scrolls of immolation
 D - a scroll of revelation
 G - a scroll of amnesia
 H - 2 scrolls of fog
 Z - a scroll of torment
Potions
 d - 2 potions of might
 e - a potion of resistance
 k - a potion of berserk rage
 m - a potion of cancellation
 p - 3 potions of brilliance
 v - 3 potions of lignification {unknown}
 A - 5 potions of curing
 K - 4 potions of enlightenment
 L - a potion of invisibility {unknown}
 N - 2 potions of attraction {unknown}


   Skills:
 + Level 8.3 Fighting
 + Level 6.7 Short Blades
 - Level 8.0 Armour
 + Level 8.6 Dodging
 + Level 9.2 Stealth
 + Level 7.7 Spellcasting
 + Level 8.1 Conjurations
 - Level 5.0 Hexes
 + Level 3.4 Translocations
 + Level 8.7 Fire Magic


You had 13 spell levels left.
You knew the following spells:

 Your Spells              Type           Power      Damage    Failure   Level
a - Foxfire               Conj/Fire      100%       2x1d9     1%          1
b - Scorch                Fire           100%       2d9       1%          2
c - Inner Flame           Hex/Fire       77%        N/A       1%          3
d - Flame Wave            Conj/Fire      86%        2d18      1%          4
e - Blink                 Tloc           78%        N/A       2%          2
f - Jinxbite              Hex            100%       N/A       1%          2

Your spell library contained the following spells:

 Spells                   Type           Power      Damage    Failure   Level
 Apportation              Tloc           78%        N/A       1%          1
 Momentum Strike          Conj/Tloc      100%       3d10      1%          2
 Volatile Blastmotes      Fire/Tloc      100%       2d18      1%          3
 Lesser Beckoning         Tloc           78%        N/A       2%          2
 Hailstorm                Conj/Ice       44%        3d9       3%          3
 Freeze                   Ice            56%        1d7       6%          1
 Cause Fear               Hex            25%        N/A       9%          4
 Manifold Assault         Tloc           39%        N/A       16%         4
 Passage of Golubria      Tloc           39%        N/A       16%         4
 Frozen Ramparts          Ice            28%        1d5       19%         3
 Fugue of the Fallen      Necr           14%        N/A       19%         3
 Ozocubu's Armour         Ice            14%        N/A       19%         3
 Anguish                  Hex/Necr       16%        N/A       22%         4
 Summon Ice Beast         Ice/Summ       14%        N/A       54%         4
 Silence                  Hex/Air        16%        N/A       54%         5
 Summon Forest            Summ/Tloc      13%        N/A       65%         5
 Alistair's Intoxication  Alch           9%         N/A       87%         5
 Eringya's Noxious Bog    Alch           7%         4d6       100%        6
 Enfeeble                 Hex            25%        N/A       100%        7
 Summon Hydra             Summ           7%         N/A       100%        7
 Lehudib's Crystal Spear  Conj/Erth      22%        10d6      100%        8


Dungeon Overview and Level Annotations

Branches:
Dungeon (13/15)            Temple (0/1) D:6            Lair (5/5) D:9
  Swamp (0/4) Lair:3       Spider (0/4) Lair:3        Slime (0/5) Lair:4
    Orc (0/2) D:11         Vaults (0/5) D:13

Shops:
D:3 *   D:4 *   D:8 *

Annotations:
D:8 2 runed translucent doors, exclusion: orange crystal statue
D:13 Kirke
Lair:2 2 transporters, Zumudolu's ghost, journeyman MiFi


Innate Abilities, Weirdness & Mutations

You have an increased reservoir of magic. (+10% MP)
You shall have no god before yourself.
Your divine heritage dramatically boosts your attributes as you level up.


Message History

Flame seeps out of the vault guard.
The vault guard hits you with a +0 dire flail!
* * * LOW HITPOINT WARNING * * *
The vault guard is engulfed in blazing flames.
Flame seeps out of the vault guard.
You block the vault guard's attack.
Casting: Flame Wave (mildly dangerous; 1% risk of failure)
Confirm with . or Enter, or press ? or * to list all spells.
You feel a surge of power!
Flames lash the vault guard.
Flame seeps out of the vault guard.
The vault guard is almost dead.
The vault guard's fire resistance burns away.
The vault guard is no longer more vulnerable to fire.
The vault guard is engulfed in blazing flames.
Flame seeps out of the vault guard.
The vault guard hits you with a +0 dire flail!
* * * LOW HITPOINT WARNING * * *
The vault guard is engulfed in blazing flames.
The vault guard explodes!
The fiery explosion engulfs the vault guard!!
The fiery explosion engulfs you! You resist.
* * * LOW HITPOINT WARNING * * *
The vault guard explodes!
The fiery explosion engulfs you! You resist.
* * * LOW HITPOINT WARNING * * *
Things that are here:
a +0 dire flail; a +0 chain mail The black mamba is engulfed in blazing flames.
The black mamba changes into a shapeshifter!
The shapeshifter changes into an acid dragon!
It was a potion of cancellation.
Your magical effects are unravelling.
You feel magically purged.
You are very lightly contaminated with residual magic.
Your resistance to elements expires.
It was a potion of ambrosia.
You are confused.
You feel invigorated. The acid dragon spits acid at you.
The splash of acid hits you!!
You die...

#.............. ###...
#........#....####.....
.......##.# .........
#.^....###....>.#
##.[[...§§§....##
##[[[.#)D☼.....##.#
##.....§§§.........
##..........##......
#....@.#....# .....
##.....)$#### ....
#........## .c.
###.......#.# ..
###........... .
#....####...... ##...#
#..... ##<## ..... ###
.....


You could see an acid dragon shaped shifter (catching breath).

Vanquished Creatures
  Nessos (D:12)
  Snorg (D:12)
  A hydra (Lair:4)
  2 catoblepae
  3 vault guards (D:13)
  A centaur warrior (D:13)
  A two-headed ogre (D:8)
  Erica (D:8)
  A boulder beetle (Lair:3)
  12 spriggans (Lair:5)
  Amaemon (D:8)
  2 skysharks (Lair:3)
  The ghost of reriks the Trooper, a novice GrFi (D:6)
  Maurice (D:7)
  2 deep elf pyromancers (D:12)
  2 cyclopes (D:12)
  An oklob plant (Lair:5)
  An ugly thing (D:12)
  A centaur zombie (D:10)
  A manticore (D:13)
  A torpor snail (Lair:3)
  Maggie (D:8)
  4 black mambas
  An orange demon (D:8)
  10 cane toads
  5 rime drakes
  A gargoyle (D:12)
  7 komodo dragons
  A kobold demonologist (D:10)
  Jeremiah (D:9)
  2 unseen horrors (D:11)
  4 trolls
  3 meliai (D:13)
  4 blink frogs (Lair:3)
  7 hornets
  4 polar bears
  2 meliai zombies (D:10)
  4 dream sheep (Lair:3)
  3 shadows
  7 wraiths
  9 slime creatures
  3 wyverns
  2 vampires
  2 basilisks
  33 yaks
  2 redbacks (Lair:3)
  2 steam dragons
  13 vampire mosquitoes
  Grum (D:8)
  3 acid dragons (D:11)
  10 water moccasins
  11 orc warriors
  4 ice beasts
  5 black bears
  3 sky beasts
  4 ogres
  33 wolves
  3 boggarts (Lair:5)
  4 centaurs
  4 phantoms
  13 bullfrogs
  A scorpion (D:5)
  17 wights
  6 killer bees (D:9)
  An electric eel (D:11)
  4 howler monkeys
  4 jellies
  13 orc priests
  A bombardier beetle (D:4)
  6 hounds
  A gnoll bouda (Lair:2)
  4 iguanas
  16 orc wizards
  2 howler monkey zombies (D:10)
  Robin (D:3)
  6 adders
  3 shadow imps
  A white imp (D:6)
  An ufetubus (D:6)
  A worm (D:3)
  2 dart slugs
  51 orcs
  7 ball pythons
  10 bats
  7 endoplasms
  6 giant cockroaches
  11 goblins
  5 hobgoblins
  7 kobolds
  2 quokkas
  6 frilled lizards
  8 rats
484 creatures vanquished.

Vanquished Creatures (collateral kills)
  33 foxfires
33 creatures vanquished.

Vanquished Creatures (others)
  1562 foxfires
1562 creatures vanquished.

Grand Total: 2079 creatures vanquished

Notes
Turn   | Place    | Note
-------+----------+-------------------------------------------
     0 | D:1      | croobank the Demigod Fire Elementalist began the quest for
                  | the Orb.
     0 | D:1      | Reached XP level 1. HP: 14/14 MP: 5/5
    67 | D:1      | Reached skill level 1 in Conjurations
   171 | D:1      | Reached skill level 2 in Stealth
   315 | D:1      | Reached XP level 2. HP: 20/20 MP: 1/7
   318 | D:1      | Learned a level 2 spell: Scorch
  1283 | D:2      | Reached XP level 3. HP: 26/26 MP: 5/8
  1287 | D:2      | Learned a level 3 spell: Inner Flame
  2047 | D:3      | Noticed Robin
  2056 | D:3      | Killed Robin
  2289 | D:3      | Reached skill level 1 in Hexes
  2374 | D:3      | Reached XP level 4. HP: 33/34 MP: 7/10
  3136 | D:2      | Reached skill level 1 in Fighting
  3305 | D:3      | Reached XP level 5. HP: 40/40 MP: 4/11
  3570 | D:3      | Found Wavvuntu's Assorted Antiques.
  3598 | D:3      | Bought an amethyst potion for 23 gold pieces
  3598 | D:3      | Bought a scroll labelled GOTUNG HOGEA for 26 gold pieces
  4209 | D:4      | Found Ungug's General Store.
  4241 | D:4      | Bought a scroll of immolation for 56 gold pieces
  4264 | D:4      | Reached XP level 6. HP: 47/47 MP: 3/12
  4530 | D:4      | Reached skill level 3 in Stealth
  4574 | D:4      | Identified the ring "Cyirot" {rPois Will+ Dex+2}
  4765 | D:5      | Entered Level 5 of the Dungeon
  5105 | D:5      | Noticed a steam dragon
  5112 | D:5      | Killed a steam dragon
  5113 | D:5      | Reached XP level 7. HP: 31/55 MP: 5/14
  6381 | D:6      | Reached XP level 8. HP: 62/62 MP: 7/16
  6443 | D:6      | Noticed a rust devil
  6456 | D:6      | Reached skill level 4 in Stealth
  6898 | D:6      | Found a staircase to the Ecumenical Temple.
  7516 | D:6      | Noticed reriks's ghost (novice GrFi)
  7519 | D:6      | Found a runed translucent door.
  7764 | D:6      | Learned a level 4 spell: Flame Wave
  7773 | D:6      | Reached skill level 5 in Hexes
  8203 | D:6      | Noticed an angel
  8554 | D:7      | Noticed Maurice
  8564 | D:7      | Killed Maurice
  8565 | D:7      | Reached XP level 9. HP: 64/71 MP: 2/18
  8777 | D:7      | Reached skill level 5 in Fire Magic
  8804 | D:7      | Reached skill level 5 in Stealth
  9431 | D:7      | Reached skill level 5 in Dodging
  9832 | D:7      | Reached skill level 1 in Short Blades
  9899 | D:8      | Noticed Grum
 11106 | D:8      | Found the +10 tower shield of Ignorance {rN+ Int-4}
 11112 | D:8      | Found a runed translucent door.
 11258 | D:8      | Found a runed translucent door.
 11259 | D:8      | Noticed an orange crystal statue
 11298 | D:8      | Noticed a two-headed ogre
 11306 | D:8      | Killed a two-headed ogre
 11307 | D:8      | Reached XP level 10. HP: 47/80 MP: 10/21
 11416 | D:8      | Reached skill level 5 in Spellcasting
 11416 | D:8      | Reached skill level 5 in Conjurations
 11432 | D:8      | Identified the +4 ring mail "Kiutted" {Int+4}
 11463 | D:8      | Noticed Amaemon
 11470 | D:8      | Killed Amaemon
 11471 | D:8      | Reached skill level 5 in Fighting
 11471 | D:8      | Reached skill level 1 in Armour
 11471 | D:8      | Reached skill level 6 in Stealth
 11703 | D:8      | Killed Grum
 12024 | D:8      | Found Momotol's Assorted Antiques.
 12029 | D:8      | Bought a dented jade amulet for 130 gold pieces
 12072 | D:8      | Noticed Erica
 12076 | D:8      | Killed Erica
 12399 | D:8      | Noticed Maggie
 12410 | D:8      | Killed Maggie
 13762 | D:9      | Found a staircase to the Lair.
 13984 | D:9      | Reached XP level 11. HP: 48/89 MP: 0/23
 14295 | D:9      | Noticed Jeremiah
 14308 | D:9      | Killed Jeremiah
 14420 | D:10     | Entered Level 10 of the Dungeon
 16112 | D:9      | Reached skill level 7 in Stealth
 18792 | D:11     | Reached skill level 5 in Armour
 18907 | D:11     | Found a staircase to the Orcish Mines.
 20055 | D:11     | Identified the +2 leather armour "Qidgh" {SInv}
 21009 | D:12     | Noticed a deep elf pyromancer
 21021 | D:12     | Noticed a deep elf pyromancer
 21034 | D:12     | Killed a deep elf pyromancer
 21046 | D:12     | Noticed Nessos
 21172 | D:12     | Reached XP level 12. HP: 86/97 MP: 13/25
 21259 | Lair:1   | Entered Level 1 of the Lair of Beasts
 22877 | Lair:2   | Found a transporter.
 22941 | Lair:2   | Found a transporter.
 22944 | Lair:2   | Noticed an eight-headed hydra
 22946 | Lair:2   | Noticed Zumudolu's ghost (journeyman MiFi)
 23089 | Lair:2   | Noticed a four-headed hydra
 23090 | Lair:2   | Reached skill level 5 in Short Blades
 23519 | Lair:3   | Reached skill level 8 in Stealth
 24121 | Lair:3   | Learned a level 2 spell: Blink
 24161 | Lair:3   | Found a staircase to the Swamp.
 24695 | Lair:3   | Noticed a catoblepas
 24859 | Lair:3   | Found a hole to the Spider Nest.
 25411 | Lair:3   | Killed a catoblepas
 25538 | Lair:4   | Noticed a five-headed hydra
 25544 | Lair:4   | Killed a five-headed hydra
 25630 | Lair:3   | Reached skill level 1 in Translocations
 25811 | Lair:4   | Noticed a boulder beetle
 25841 | Lair:3   | Killed a boulder beetle
 25842 | Lair:3   | Reached XP level 13. HP: 40/105 MP: 10/27
 26466 | Lair:4   | Got the Exposition on the Serac and Bones
 26717 | Lair:4   | Found a staircase to the Slime Pits.
 27010 | Lair:5   | Entered Level 5 of the Lair of Beasts
 30077 | D:6      | Learned a level 2 spell: Jinxbite
 30097 | D:6      | Killed reriks's ghost
 30620 | D:12     | Killed Nessos
 31350 | D:12     | Reached skill level 9 in Stealth
 31688 | D:12     | Noticed Snorg
 32065 | D:12     | Killed Snorg
 32385 | D:13     | Noticed Kirke
 32393 | D:13     | Found a gate to the Vaults.
 33530 | D:13     | HP: 4/107 [spore (10)]
 33536 | D:13     | Killed from afar by an acid dragon (shapeshifter)

Illustrated notes

Levels and vault maps discovered:
D:1:      spicycebolla_arrival_transporter_tutorial, layout_loops_cross
D:2:      layout_basic
D:3:      kennysheep_big_flooded_room, layout_loops_cross, serial_shops,
          nicolae_shop_overgrown_old_shop, uniq_robin
D:4:      layout_basic, serial_shops, nicolae_shop_crystal,
          hangedman_decor_peaks_small, dk_vineyard_3
D:5:      layout_basic
D:6:      layout_gridville, grunt_qazlal_sundering, marbit_many_paths,
          temple_garden, hellmonk_ghost_happy_afterlife, minmay_misc_feat_x,
          kennysheep_small_square
D:7:      layout_cave_pools, uniq_maurice
D:8:      layout_layer_cave, minmay_overflow_temple_star_quad, serial_shops,
          kennysheep_little_box, chequers_guarded_unrand_ignorance,
          uniq_amaemon, uniq_grum, uniq_maggie, uniq_erica
D:9:      layout_loops_ring, lemuel_doored_altar, hellmonk_lair_entry_icy,
          minmay_misc_feat_room, uniq_jeremiah
D:10:     layout_loops_ring, nicolae_overflow_crystal_walls, serial_undead,
          serial_undead_e, serial_undead_c, serial_undead_a, serial_undead_c,
          serial_undead_c, serial_undead_b
D:11:     layout_irregular_city, erik_orc_2
D:12:     layout_loops_ring, uniq_snorg, uniq_nessos
D:13:     layout_cave_pools, lightli_vaults_fourway_checkpoint,
          serial_library_regret_index_double_sided, uniq_kirke
Lair:1:   layout_regular_city, grunt_megastairs_5
Lair:2:   layout_loops_ring, nzn_ghost_randoct, chequers_serial_rivers_small_b,
          dreamdust_gnoll_shepherd
Lair:3:   layout_small_grid, swamp_mist, spider_nest_entry_webs, st_stairs_7,
          grunt_megastairs_4
Lair:4:   layout_cellular_growth, minmay_slime_entry_pillars, grunt_megastairs_2
Lair:5:   minmay_lair_end_enchanted_forest, layout_small_grid

Skill      XL: |  1  2  3  4  5  6  7  8  9 10 11 12 13 |
---------------+----------------------------------------+-----
Conjurations   | 1 2 3 4 5 6 7 8 |  8.1
Stealth        | 2 3 4 5 6 7 8 9 |  9.2
Dodging        | 2 3 4 5 6 7 8 |  8.6
Spellcasting   | 2 3 4 5 6 7 |  7.7
Fire Magic     | 3 4 5 6 7 8 |  8.7
Hexes          | 1 2 3 4 5 |  5.0
Fighting       | 1 2 3 4 5 6 7 8 |  8.3
Short Blades   | 3 4 5 6 |  6.7
Armour         | 3 5 7 8 |  8.0
Translocations | 1 3 |  3.4

Action                     |  1- 3 |  4- 6 |  7- 9 | 10-12 | 13-15 || total
---------------------------+-------+-------+-------+-------+-------++-------
  Melee: Dagger            |    41 |    39 |    25 |    67 |    36 ||   208
         Punch             |       |       |       |     2 |     1 ||     3
         Staff             |       |       |       |    41 |    31 ||    72
  Throw: Dart              |       |       |       |     2 |       ||     2
   Cast: Foxfire           |    58 |    67 |   175 |   427 |   187 ||   914
         Scorch            |     9 |    41 |   124 |   314 |   178 ||   666
         Inner Flame       |       |       |     2 |    12 |    16 ||    30
         Flame Wave        |       |       |       |    18 |    21 ||    39
         Blink             |       |       |       |       |     4 ||     4
         Jinxbite          |       |       |       |       |     1 ||     1
  Evoke: Wand              |       |       |     6 |    10 |    16 ||    32
    Use: Scroll            |     1 |     9 |     3 |    20 |    11 ||    44
         Potion            |       |     2 |     2 |     5 |     7 ||    16
   Stab: Sleeping          |     3 |     6 |       |     3 |       ||    12
 Armour: Robe              |    17 |    27 |    57 |       |       ||   101
         Ring mail         |       |       |       |   330 |   197 ||   527
  Dodge: Dodged            |    34 |    30 |    67 |   205 |   181 ||   517
  Block: Other             |       |       |       |    97 |    59 ||   156
         Reflection        |       |       |       |       |     2 ||     2

Table legend: (Time is in decaauts)
 A = Elapsed time spent in this place.
 B = Non-inter-level travel time spent in this place.
 C = Inter-level travel time spent in this place.
 D = Time resting spent in this place.
 E = Time spent auto-exploring this place.
 F = Levels seen in this place.
 G = Mean time per level.
                   A        B        C        D        E       F      G
               +--------+--------+--------+--------+--------+-----+--------+
         Total |  33473 |  32521 |    952 |  14392 |  13749 |  18 | 1859.6 |
       Dungeon |  24821 |  24141 |    680 |  11586 |   9442 |  13 | 1909.3 |
          Lair |   8651 |   8379 |    272 |   2806 |   4307 |   5 | 1730.2 |
               +--------+--------+--------+--------+--------+-----+--------+

Top non-repeatable levels by time:
    D:12: 3400 daAuts
    D:11: 2898 daAuts
    D:10: 2774 daAuts
  Lair:5: 2730 daAuts
     D:6: 2721 daAuts
     D:8: 2375 daAuts
  Lair:3: 2164 daAuts
     D:7: 1999 daAuts
     D:9: 1733 daAuts
  Lair:1: 1607 daAuts
     D:5: 1606 daAuts
     D:2: 1351 daAuts
     D:3: 1179 daAuts
     D:4: 1171 daAuts
  Lair:4: 1116 daAuts
